 Dungeon Crawl Stone Soup version 0.26.0-57-g60708a5e39 (webtiles) character file.

Game seed: 10053145947426480952

1919 H0rd4k the Martial Artist (level 9, 0/54 HPs)
             Began as an Octopode Transmuter on Feb 1, 2021.
             Killed from afar by Harold (22 damage)
             ... with a bolt of acid
             ... on level 7 of the Dungeon.
             The game lasted 00:13:00 (8346 turns).

H0rd4k the Martial Artist (Octopode Transmuter)     Turns: 8346, Time: 00:13:01

Health: 0/54       AC:  1    Str: 11    XL:     9   Next: 16%
Magic:  14/15      EV: 20    Int: 17    God:
Gold:   375        SH:  0    Dex: 24    Spells: 12/16 levels left

rFire    x . .     SeeInvis .     - Unarmed
rCold    + . .     Faith    .   (no shield)
rNeg     . . .     Spirit   .   (helmet restricted)
rPois    .         Reflect  .   (no amulet)
rElec    .         Harm     .   b - +6 ring of dexterity
rCorr    .         Rampage  .   f - +6 ring of dexterity
Will     .....                  i - ring of ice
Stlth    +++++.....             k - +4 ring of evasion
HPRegen  0.18/turn              (no ring)
MPRegen  0.14/turn              (no ring)
                                (no ring)
                                (no ring)

@: brilliant, about to teleport, marked, attractive
A: almost no armour, stealthy swim, amphibious, 8 rings, constrict 8, camouflage
1, gelatinous body 1
a: no special abilities


You were on level 7 of the Dungeon.
You visited 1 branch of the dungeon, and saw 7 of its levels.

You collected 375 gold pieces.

Inventory:

Missiles
 n - 32 poisoned darts (quivered)
 t - 5 silver boomerangs
Jewellery
 b - a +6 ring of dexterity (left tentacle)
 f - a +6 ring of dexterity (right tentacle)
 i - a ring of ice (on tentacle)
 k - a +4 ring of evasion (on tentacle)
 D - an uncursed ring of ice
 E - a cursed -4 ring of slaying {unknown}
Scrolls
 a - 3 scrolls of enchant armour {unknown}
 c - 3 scrolls of teleportation
 d - 5 scrolls of remove curse {unknown}
 e - 5 scrolls of amnesia {unknown}
 j - 9 scrolls of identify {unknown}
 q - a scroll of noise {unknown}
 r - 3 scrolls of blinking {unknown}
 s - 2 scrolls of fear {unknown}
 y - 2 scrolls of immolation {unknown}
 A - 2 scrolls of enchant weapon {unknown}
 B - a scroll of fog {unknown}
Potions
 g - 4 potions of curing
 l - a potion of brilliance
 m - a potion of might
 o - 2 potions of magic
 u - 3 potions of lignification {unknown}
 v - a potion of flight {unknown}
 w - 2 potions of ambrosia {unknown}
 z - a potion of haste {unknown}
 C - 2 potions of heal wounds {unknown}
 F - a potion of invisibility {unknown}


   Skills:
 + Level 2.2 Fighting
 + Level 1.3 Throwing
 + Level 3.4 Dodging
 + Level 7.2 Stealth
 + Level 8.1 Unarmed Combat
 * Level 4.1 Spellcasting
 * Level 4.1 Transmutations
 + Level 1.3 Poison Magic
 + Level 1.3 Evocations


You had 12 spell levels left.
You knew the following spells:

 Your Spells              Type           Power        Failure   Level
a - Beastly Appendage     Tmut           52%          2%          1
b - Spider Form           Tmut/Pois      9%           16%         3

Your spell library contained the following spells:

 Spells                   Type           Power        Failure   Level
 Wereblood                Tmut           26%          4%          2
 Ice Form                 Ice/Tmut       23%          54%         4
 Blade Hands              Tmut           13%          61%         5


Dungeon Overview and Level Annotations

Branches:
Dungeon (7/15)
 Temple: D:4-7

Altars:
Dithmenos
Makhleb
Okawaru
Trog

Annotations:
D:3 exclusion: downstairs
D:4 exclusion: 2 downstairs
D:5 exclusion: downstairs
D:6 exclusion: upstairs
D:7 exclusion: 4 killer bees, Harold, Pikel


Innate Abilities, Weirdness & Mutations

You cannot wear most types of armour.
You are very stealthy in the water. (Stealth+)
You are amphibious.
You can wear up to eight rings at the same time.
You can use your tentacles to constrict eight enemies at once.
Your skin changes colour to match your surroundings (Stealth+).
Your rubbery body absorbs attacks. (AC +1, EV +1)


Message History

Your transformation has ended.
The lemure hits you.
You aren't carrying any items that you can evoke.
Press: ? - help, v - describe, . - travel, g - get item
Here: Harold, wielding a +0 halberd, wearing a +0 chain mail and carrying a wand of acid (1) (severely wounded, very poisoned) Item here: a throwing net.
The floor.
There are monsters nearby!
Unknown command.
You aren't carrying any items that you can evoke.
Press: ? - help, v - describe, . - travel, g - get item Item here: a worker ant corpse.
The floor, spattered with blood.
Unknown command.
Unknown command.
You aren't carrying any items that you can evoke.
It was a potion of attraction.
You feel attractive to monsters.
Harold zaps a wand.
The bolt of acid hits you!!
You die...

#..# #..#
#..# #..#
#..#
###.####..#
.........5#
#########5#
#@#
##########.#
....55.K.@(#
############


You could see Harold (very poisoned) and 2 lemures.

Vanquished Creatures
  An ice beast (D:5)
  4 ogres
  3 orc warriors
  A phantom (D:4)
  A scorpion (D:5)
  A howler monkey (D:6)
  A gnoll shaman (D:5)
  6 hounds
  4 orc priests
  Ijyb (D:4)
  3 orc wizards
  2 iguanas
  7 worker ants
  A hound skeleton (D:7)
  A worker ant zombie (D:5)
  A howler monkey zombie (D:5)
  13 gnolls
  3 adders
  A shadow imp (D:6)
  A white imp (D:6)
  2 adder skeletons
  3 worms
  2 dart slugs
  2 leopard geckos
  14 orcs
  9 bats
  10 giant cockroaches
  11 goblins
  21 hobgoblins
  23 jackals
  12 kobolds
  5 quokkas
  9 frilled lizards
  A quokka skeleton (D:4)
  2 quokka zombies
  14 rats
196 creatures vanquished.

Vanquished Creatures (others)
  3 plants (D:4)
3 creatures vanquished.

Grand Total: 199 creatures vanquished

Notes
Turn   | Place    | Note
-------+----------+-------------------------------------------
     0 | D:1      | H0rd4k the Octopode Transmuter began the quest for the Orb.
     0 | D:1      | Reached XP level 1. HP: 13/13 MP: 3/3
   121 | D:1      | Reached XP level 2. HP: 9/18 MP: 5/5
   851 | D:1      | Reached XP level 3. HP: 23/23 MP: 6/6
  1164 | D:1      | Reached skill level 1 in Stealth
  1319 | D:1      | Learned a level 3 spell: Spider Form
  1492 | D:2      | Reached skill level 4 in Unarmed Combat
  1492 | D:2      | Reached XP level 4. HP: 28/28 MP: 7/7
  2163 | D:3      | Reached XP level 5. HP: 24/33 MP: 8/8
  2463 | D:3      | Found a burning altar of Makhleb.
  3014 | D:4      | Reached skill level 5 in Unarmed Combat
  3014 | D:4      | Reached XP level 6. HP: 20/38 MP: 9/9
  3364 | D:5      | Entered Level 5 of the Dungeon
  3512 | D:6      | Noticed an orc warrior
  3528 | D:6      | Killed an orc warrior
  3529 | D:6      | Reached skill level 5 in Stealth
  3645 | D:6      | Noticed an orc warrior
  3672 | D:4      | Noticed a phantom
  3699 | D:4      | Reached XP level 7. HP: 5/43 MP: 8/10
  4312 | D:4      | Found a shadowy altar of Dithmenos.
  4412 | D:4      | Noticed Ijyb
  4591 | D:4      | Killed Ijyb
  4592 | D:4      | Reached skill level 6 in Unarmed Combat
  5290 | D:4      | Reached XP level 8. HP: 50/50 MP: 12/12
  6105 | D:5      | Reached skill level 7 in Unarmed Combat
  6839 | D:5      | Noticed a moth of wrath
  6842 | D:5      | Found a bloodstained altar of Trog.
  7423 | D:6      | Reached skill level 1 in Throwing
  7581 | D:6      | Reached skill level 1 in Poison Magic
  7923 | D:5      | Reached skill level 1 in Evocations
  7923 | D:5      | Reached XP level 9. HP: 54/54 MP: 12/14
  8048 | D:7      | Reached skill level 8 in Unarmed Combat
  8264 | D:7      | Found an iron altar of Okawaru.
  8321 | D:7      | Noticed Harold
  8326 | D:7      | Noticed Pikel
  8346 | D:7      | Killed from afar by Harold

Illustrated notes

Levels and vault maps discovered:
D:1:      kilobyte_arrival_exit_the_forest, layout_basic
D:2:      layout_loops_ring
D:3:      layout_loops_ring, makhleb_heckhound_becter
D:4:      corexii_shantytown, layout_basic, kennysheep_mini, hex_intersection,
          uniq_ijyb
D:5:      layout_rooms, tgw_trog
D:6:      layout_rooms
D:7:      layout_loops_ring, okawaru_gym_becter, eat_drink_and_be_merry_uskayaw,
          grunt_temple_overflow_open, minmay_temple_entry_butterflies,
          kennysheep_generic_room_15, uniq_pikel, uniq_harold, uniq_maggie

Skill      XL: |  1  2  3  4  5  6  7  8  9 |
---------------+----------------------------+-----
Stealth        | 1 2 4 5 6 7 |  7.2
Unarmed Combat | 4 5 6 7 8 |  8.1
Dodging        | 3 |  3.4
Spellcasting   | 3 4 |  4.1
Fighting       | 2 |  2.2
Transmutations | 3 4 |  4.1
Throwing       | 1 |  1.3
Poison Magic   | 1 |  1.3
Evocations     | 1 |  1.3

Action                   |  1- 3 |  4- 6 |  7- 9 || total
-------------------------+-------+-------+-------++-------
Melee: Unarmed           |    72 |    97 |   267 ||   436
       Constrict         |    23 |    34 |    62 ||   119
       Tentacles         |    15 |    31 |    52 ||    98
       Punch             |     3 |     5 |    15 ||    23
       Kick              |       |     6 |    41 ||    47
Throw: Dart              |       |     7 |     3 ||    10
 Cast: Beastly Appendage |       |     5 |    19 ||    24
       Spider Form       |       |     1 |    11 ||    12
Evoke: Wand              |       |       |    14 ||    14
  Use: Potion            |       |       |     4 ||     4
       Scroll            |       |       |     2 ||     2
 Stab: Sleeping          |    10 |    13 |    14 ||    37
Armor: Skin              |     2 |     5 |     4 ||    11
Dodge: Dodged            |    43 |    56 |   230 ||   329
